 Dungeon Crawl Stone Soup version 0.30-a0-305-g026cb31310 (webtiles) character file.

Game seed: 9735400138061703865

156040 Lobster4 the Blocker (level 17, -1/157 HPs)
             Began as a Troll Fighter on Oct 23, 2022.
             Was the Champion of Hepliaklqana.
             Slain by a broodmother (24 damage)
             ... on level 4 of the Spider Nest.
             The game lasted 01:29:34 (24924 turns).

Lobster4 the Blocker (Troll Fighter)               Turns: 24924, Time: 01:29:34

Health: -1/157     AC: 13    Str: 31 (32) XL:     17   Next: 9%
Magic:  21/21      EV: 15    Int:  6      God:    Hepliaklqana [******]
Gold:   2765       SH: 12    Dex:  9      Spells: 20/20 levels left

rFire   . . .      SeeInvis +    a - +8 trident of the Octopus King {venom, rElec rPois}
rCold   . . .      Faith    .    E - +1 kite shield
rNeg    . . .      Spirit   .    P - +0 acid dragon scales
rPois   +          Reflect  .    (helmet restricted)
rElec   +          Harm     .    K - +2 cloak
rCorr   +          Rampage  .    (gloves unavailable)
Will    +....                    (boots unavailable)
Stlth   +.........               A - amulet of regeneration
HPRegen 2.06/turn                S - ring of see invisible
MPRegen 0.17/turn                l - +4 ring of evasion

@: no status effects
A: reduced essence, large, unfitting armour, claws 3, regeneration 1, shaggy fur
1, tough skin 1
a: Renounce Religion, Recall Ancestor, Ancestor Identity, Transference, Idealise


You were on level 4 of the Spider Nest.
You worshipped Hepliaklqana.
Hepliaklqana was exalted by your worship.
You visited 5 branches of the dungeon, and saw 27 of its levels.
You also visited: Bailey.

You collected 2791 gold pieces.
You spent 26 gold pieces at shops.

Inventory:

Hand Weapons
 a - the +8 trident of the Octopus King (weapon) {venom, rElec rPois}
   (You found it on level 3 of the Dungeon)

   It poisons the flesh of those it strikes.
   rElec:     It insulates you from electricity.
   rPois:     It protects you from poison.
 b - a +1 sling of freezing
 J - the +8 hand axe "Gamnoq" {flame, rElec Str+2 Dex+2}
   (You found it on level 7 of the Dungeon)

   It burns those it strikes, dealing additional fire damage.
   Big, fiery blades are also staple armaments of hydra-hunters.
   Str:       It affects your strength (+2).
   Dex:       It affects your dexterity (+2).
   rElec:     It insulates you from electricity.
Missiles
 o - a throwing net
 p - 37 poisoned darts
 G - 2 atropa-tipped darts
 R - 11 javelins
 T - 30 large rocks (quivered)
Armour
 j - a +2 robe of willpower
 E - a +1 kite shield (worn)
 F - +0 steam dragon scales
 K - a +2 cloak (worn)
 P - +0 acid dragon scales (worn)
Jewellery
 g - an amulet of reflection
 l - a +4 ring of evasion (right claw)
 y - a ring of protection from cold
 A - an amulet of regeneration (around neck)
 S - a ring of see invisible (left claw)
 Z - a ring of flight
Wands
 e - a wand of digging (8)
 k - a wand of flame (37)
 V - a wand of quicksilver (6)
 X - a wand of roots (2)
 Y - a wand of charming (7)
Scrolls
 d - 10 scrolls of teleportation
 f - a scroll of butterflies
 h - 17 scrolls of identify
 m - a scroll of summoning
 r - a scroll of magic mapping
 u - 7 scrolls of enchant weapon
 x - 4 scrolls of poison
 D - 4 scrolls of silence
 M - 3 scrolls of brand weapon
 Q - 4 scrolls of enchant armour
Potions
 c - 7 potions of flight
 i - 4 potions of invisibility
 q - 7 potions of curing
 s - 5 potions of brilliance
 v - a potion of resistance
 w - 4 potions of lignification
 B - 5 potions of haste
 C - 3 potions of berserk rage
 O - 6 potions of heal wounds
 U - a potion of might
 W - a potion of ambrosia
Miscellaneous
 H - a phantom mirror
 I - a condenser vane
 L - a tin of tremorstones (2/2)


   Skills:
 + Level 12.7 Fighting
 + Level 12.2 Polearms
 + Level 4.2 Throwing
 + Level 6.8 Armour
 - Level 10.0 Dodging
 + Level 13.6 Shields
 - Level 10.0 Unarmed Combat
 + Level 2.2 Spellcasting
 - Level 7.0 Invocations
 - Level 3.0 Evocations


You had 20 spell levels left.
You didn't know any spells.
Your spell library contained the following spells:

 Spells                   Type           Power      Damage    Failure   Level
 Apportation              Tloc           0%         N/A       61%         1
 Magic Dart               Conj           0%         1d3       61%         1
 Necrotise                Necr           0%         1d4       61%         1
 Sandblast                Erth           0%         2d4       61%         1
 Shock                    Conj/Air       0%         1d3       61%         1
 Summon Small Mammal      Summ           0%         N/A       61%         1
 Ensorcelled Hibernation  Hex/Ice        0%         N/A       75%         2
 Passwall                 Tmut/Erth      0%         N/A       75%         2
 Searing Ray              Conj           0%         2d4       75%         2
 Sublimation of Blood     Necr           0%         N/A       75%         2
 Wereblood                Tmut           0%         N/A       75%         2
 Frozen Ramparts          Ice            0%         1d1       93%         3
 Gell's Gravitas          Tloc           0%         N/A       93%         3
 Ignite Poison            Fire/Tmut/Pois 0%         N/A       93%         3
 Lesser Beckoning         Tloc           0%         N/A       93%         3
 Ozocubu's Armour         Ice            0%         N/A       93%         3
 Stone Arrow              Conj/Erth      0%         3d7       93%         3
 Swiftness                Air            0%         N/A       93%         3
 Teleport Other           Tloc           0%         N/A       93%         3
 Airstrike                Air            0%         2d(0-16)  100%        4
 Anguish                  Hex/Necr       0%         N/A       100%        4
 Animate Dead             Necr           0%         N/A       100%        4
 Fulminant Prism          Conj/Hex       0%         3d6       100%        4
 Ice Form                 Ice/Tmut       0%         N/A       100%        4
 Sticky Flame             Conj/Fire      0%         2d3       100%        4
 Summon Ice Beast         Ice/Summ       0%         N/A       100%        4
 Alistair's Intoxication  Tmut/Pois      0%         N/A       100%        5
 Borgnjor's Vile Clutch   Necr/Erth      0%         N/A       100%        5
 Metabolic Englaciation   Hex/Ice        0%         N/A       100%        5
 Eringya's Noxious Bog    Tmut/Pois      0%         N/A       100%        6
 Simulacrum               Ice/Necr       0%         N/A       100%        6
 Enfeeble                 Hex            0%         N/A       100%        7
 Haunt                    Necr/Summ      0%         N/A       100%        7
 Summon Hydra             Summ           0%         N/A       100%        7
 Ignition                 Fire           0%         3d3       100%        8
 Infestation              Necr           0%         N/A       100%        8


Dungeon Overview and Level Annotations

Branches:
Dungeon (15/15)            Temple (1/1) D:4            Lair (5/5) D:9
 Shoals (0/4) Lair:2       Spider (4/4) Lair:3        Slime (0/5) Lair:4
    Orc (2/2) D:9             Elf (0/3) Orc:2        Vaults (0/5) D:14
 Depths (0/4) D:15         Bailey (visited)

Altars:
Ashenzari
Cheibriados
Dithmenos
Elyvilon
Fedhas
Gozag
Hepliaklqana
Kikubaaqudgha
Makhleb
Nemelex Xobeh
Okawaru
Qazlal
Ru
Sif Muna
Trog
Uskayaw
Vehumet
Wu Jian
Xom
Yredelemnul
Zin
The Shining One
Jiyva

Shops:
D:3 ?   D:8 [   D:13 (   Orc:1 (   Orc:2 :**[

Portals:
Trove: D:14 (give 14 scrolls of teleportation)

Annotations:
D:14 1 runed translucent door, Eweu's ghost, adept DjFE
D:15 Josephine; Roxanne


Innate Abilities, Weirdness & Mutations

Your life essence is reduced to manifest your ancestor. (-10% HP)
You are too large for most types of armour.
You have claws for hands.
Your natural rate of healing is unusually fast.
You are covered in fur. (AC +1)
You have tough skin. (AC +1)


Message History

You puncture the wolf spider!
The wolf spider is severely wounded.
The redback disappears in a puff of smoke!
The wolf spider barely misses you. You block the wolf spider's attack.
You block the redback's attack. The broodmother bites you!!
You block the wolf spider's attack. The wolf spider bites you!
You barely miss the broodmother.
The broodmother is moderately wounded.
You block the redback's attack.
Nolwazi hits the broodmother with a +0 quarterstaff!
The broodmother summons spiders!
You block the wolf spider's attack. The wolf spider bites you.
You puncture the broodmother!
The broodmother looks as sick as possible!
The broodmother is heavily wounded.
You block the redback's attack.
The redback bites Nolwazi!
Nolwazi hits the broodmother with a +0 quarterstaff!!
The broodmother bites Nolwazi but does no damage.
You block the wolf spider's attack. The wolf spider bites you.
You are poisoned.
The wolf spider poisons you! The redback misses you.
A jumping spider comes into view.
The jumping spider's many legs skitter faintly.
You hit the broodmother.
The broodmother looks as sick as possible!
The broodmother is severely wounded.
You feel extremely sick.
The redback bites Nolwazi!
The wolf spider hits you but does no damage.
You block the wolf spider's attack.
A culicivora comes into view.
The redback bites Nolwazi.
The broodmother bites you!!
* * * LOW HITPOINT WARNING * * *
Nolwazi hits the broodmother with a +0 quarterstaff!!
The redback bites you but does no damage.
You feel better.
The redback bites Nolwazi.
The wolf spider hits you but does no damage.
The wolf spider bites you but does no damage.
The redback bites Nolwazi.
The broodmother bites you!!
You die...

.#..#.##.## ##..^#####
...### ##############
#~~.##^..^^^.###
.#R#.^...†...^~#
##.###.........#####
#...##~...~~.......##
.....##.~~~~.?..@ss~##
.....^^.^~~~....ssRs.####
.^...##...~....~~#s#...~#
#...##....^..^.###.###..##
##.###.........##..s##...#
^#.#^^........##....s##°###
....................^....^#
...^..#^#.....##.^...##†..#
....#
#.###^..^##^^.##...###


You could see the friendly Nolwazi the battlemage, a broodmother (extremely
poisoned), 2 wolf spiders, a culicivora, a jumping spider and 3 redbacks.

Vanquished Creatures
  Arachne (Spider:4)
  Rupert (D:12)
  A fire giant (D:15)
  Aizul (Spider:4)
  3 emperor scorpions
  An orc warlord (Orc:2)
  3 ghost moths
  4 broodmothers
  Nessos (D:15)
  2 entropy weavers
  3 hydras
  A radroach (Spider:4)
  2 centaur warriors
  A jorogumo (Spider:4)
  3 boulder beetles
  4 vault guards (D:14)
  A death knight (D:14)
  An ogre mage (Orc:2)
  2 death yaks (Lair:5)
  A two-headed ogre (D:9)
  A tengu warrior (D:13)
  An orc high priest (Orc:2)
  4 pharaoh ants
  A steelbarb worm (Spider:4)
  A sun moth (Spider:3)
  6 orc knights
  4 orb spiders
  A harpy (D:13)
  A phantasmal warrior (D:15)
  19 wolf spiders
  3 deep elf pyromancers
  An orc sorcerer (Orc:2)
  A moth of wrath (Spider:2)
  2 oklob plants (Lair:1)
  6 cyclopes
  11 ugly things
  3 manticores (D:14)
  2 elephants (Lair:1)
  4 torpor snails
  3 black mambas
  2 gargoyles
  8 cane toads
  An unseen horror (D:13)
  4 demonic crawlers
  A freezing wraith (D:14)
  2 komodo dragons
  An efreet (D:14)
  2 rime drakes
  2 tengu conjurers (D:13)
  A guardian mummy (D:14)
  A merfolk (Lair:2)
  4 trolls
  3 meliai (D:13)
  4 polar bears
  19 tarantellas
  6 hornets
  4 blink frogs (Lair:5)
  3 slime creatures (D:13)
  A dream sheep (Lair:5)
  20 jumping spiders
  Sigmund (D:6)
  8 culicivoras
  10 spriggans (Lair:5)
  3 wraiths
  A vampire (D:14)
  4 wyverns
  5 basilisks
  73 yaks
  36 redbacks
  3 steam dragons
  5 vampire mosquitoes
  4 wargs
  Menkaure (D:5)
  2 acid dragons
  6 water moccasins
  21 orc warriors
  A meliai simulacrum (D:14)
  6 ice beasts
  3 black bears
  24 wolves
  5 boggarts
  4 centaurs
  8 ogres
  A phantom (D:6)
  A kobold brigand (D:7)
  Blork the orc (D:5)
  7 bullfrogs
  A necrophage (D:4)
  2 scorpions
  3 wights
  6 killer bees
  5 howler monkeys
  2 hounds
  5 jellies (Lair:4)
  14 orc priests
  A gnoll bouda (D:8)
  An iguana (D:5)
  10 orc wizards
  A hound skeleton (D:4)
  7 gnolls
  8 adders
  A shadow imp (D:5)
  A white imp (D:5)
  2 worms (D:3)
  42 orcs
  5 endoplasms
  4 giant cockroaches
  8 goblins
  8 hobgoblins
  5 quokkas
  10 ball pythons
  4 bats
  3 frilled lizards
  10 kobolds
  6 rats
620 creatures vanquished.

Vanquished Creatures (collateral kills)
  A ghost moth (Spider:3)
  2 emperor scorpions
  3 entropy weavers
  2 catoblepae (Lair:5)
  2 hydras
  A radroach (Spider:4)
  3 boulder beetles
  A centaur warrior (D:14)
  A death yak (Lair:5)
  A two-headed ogre (D:12)
  2 orc high priests (Orc:2)
  Nergalle (D:12)
  4 pharaoh ants
  2 steelbarb worms
  A wizard (D:14)
  3 orb spiders (Spider:4)
  2 orc sorcerers (Orc:2)
  An ugly thing (D:14)
  A cyclops (D:13)
  5 wolf spiders
  A manticore (D:12)
  An elephant (Lair:1)
  2 black mambas
  A merfolk siren (Lair:2)
  4 cane toads
  A gargoyle (D:11)
  A torpor snail (Spider:1)
  Psyche (D:12)
  6 demonic crawlers
  A komodo dragon (Lair:3)
  3 trolls
  2 hornets
  2 polar bears
  12 tarantellas
  9 jumping spiders
  3 spriggans (Lair:5)
  A vampire (D:9)
  2 wraiths
  11 culicivoras
  A wyvern (Lair:5)
  2 shadows
  33 yaks
  Grum (D:8)
  3 steam dragons (D:8)
  A vampire mosquito (D:15)
  A basilisk (D:14)
  22 redbacks
  An acid dragon (D:11)
  7 water moccasins
  14 orc warriors
  2 ice beasts
  3 boggarts
  An ogre (Orc:2)
  3 black bears
  13 wolves
  2 centaurs
  A phantom (D:7)
  A gnoll sergeant (D:9)
  4 bullfrogs
  2 scorpions
  3 wights
  3 killer bees
  2 electric eels (Spider:1)
  2 howler monkeys
  7 orc priests
  10 orc wizards
  4 gnolls
  An adder (D:6)
  A shadow imp (D:7)
  31 orcs
  An endoplasm (Lair:4)
  A hobgoblin (Bailey)
  7 kobolds
  A butterfly (Lair:4)
295 creatures vanquished.

Vanquished Creatures (others)
  2 orc wizards
  52 battlemagi
  17 fungi
  31 plants
102 creatures vanquished.

Grand Total: 1017 creatures vanquished

Notes
Turn   | Place    | Note
-------+----------+-------------------------------------------
     0 | D:1      | Lobster4 the Troll Fighter began the quest for the Orb.
     0 | D:1      | Reached XP level 1. HP: 22/22 MP: 0/0
   118 | D:1      | Reached XP level 2. HP: 29/29 MP: 1/1
   352 | D:2      | Reached skill level 3 in Shields
   352 | D:2      | Reached XP level 3. HP: 35/36 MP: 2/2
  1184 | D:3      | Reached XP level 4. HP: 44/44 MP: 3/3
  1197 | D:3      | Found Angeef's Magic Scroll Shoppe.
  1205 | D:3      | Bought a scroll of identify for 26 gold pieces
  1400 | D:3      | Found the +8 trident of the Octopus King {venom, rElec
                  | rPois}
  1779 | D:4      | Found a blossoming altar of Fedhas.
  1881 | D:4      | Found a burning altar of Makhleb.
  1882 | D:4      | Noticed a necrophage
  1892 | D:4      | Killed a necrophage
  1893 | D:4      | Reached XP level 5. HP: 50/53 MP: 4/4
  1989 | D:4      | Found a staircase to the Ecumenical Temple.
  2001 | Temple   | Entered the Ecumenical Temple
  2048 | Temple   | Became a worshipper of Hepliaklqana the Forgotten
  2244 | D:4      | Reached skill level 1 in Polearms
  2485 | D:4      | Found a glowing silver altar of Zin.
  2573 | D:5      | Entered Level 5 of the Dungeon
  2641 | D:5      | Reached XP level 6. HP: 61/61 MP: 5/5
  2767 | D:5      | Reached * piety under Hepliaklqana
  2769 | D:5      | Noticed Blork the orc
  2777 | D:5      | Killed Blork the orc
  2867 | D:5      | Reached skill level 4 in Shields
  2987 | D:5      | Noticed Menkaure
  3027 | D:5      | Killed Menkaure
  3064 | D:5      | Noticed a steam dragon
  3072 | D:5      | Killed a steam dragon
  3073 | D:5      | Reached skill level 1 in Armour
  3073 | D:5      | Reached XP level 7. HP: 56/61 MP: 6/6
  3721 | D:6      | Reached ** piety under Hepliaklqana
  3724 | D:6      | Remembered your ancestor Nolwazi as a battlemage
  3752 | D:6      | Reached XP level 8. HP: 70/70 MP: 7/7
  3829 | D:6      | Reached skill level 5 in Unarmed Combat
  3849 | D:6      | Reached skill level 5 in Shields
  4080 | D:6      | Noticed Sigmund
  4086 | D:6      | Killed Sigmund
  4267 | D:6      | Reached skill level 5 in Fighting
  4267 | D:6      | Reached XP level 9. HP: 79/79 MP: 8/8
  4410 | D:7      | Reached skill level 5 in Dodging
  4442 | D:7      | Found a flagged portal.
  4461 | D:7      | Identified the +8 hand axe "Gamnoq" {flame, rElec Str+2
                  | Dex+2}
  4465 | Bailey   | Entered a bailey
  4631 | Bailey   | Reached skill level 1 in Throwing
  4654 | Bailey   | Reached skill level 6 in Shields
  4659 | Bailey   | Noticed an orc knight
  4668 | Bailey   | Killed an orc knight
  4741 | Bailey   | Identified the +1 ring mail of the Gate {Str+3}
  4746 | Bailey   | Identified the +3 quick blade "Pumag" {vorpal, rC- Str+3
                  | Int+5}
  5069 | D:7      | Reached XP level 10. HP: 88/88 MP: 9/9
  5296 | D:8      | Reached *** piety under Hepliaklqana
  5377 | D:8      | Noticed Grum
  5382 | D:8      | Killed Grum
  5396 | D:8      | Reached skill level 5 in Polearms
  5445 | D:8      | Found a broken altar of Ashenzari.
  5446 | D:8      | You fall into a shaft and drop 3 floors!
  5651 | D:11     | Noticed a gargoyle
  5822 | D:11     | Reached skill level 7 in Shields
  6036 | D:11     | Killed a gargoyle
  6056 | D:10     | Entered Level 10 of the Dungeon
  6099 | D:9      | Noticed a two-headed ogre
  6105 | D:9      | Killed a two-headed ogre
  6106 | D:9      | Reached XP level 11. HP: 74/96 MP: 10/10
  6335 | D:8      | Found Anowiesk's Armour Emporium.
  6857 | D:9      | Reached **** piety under Hepliaklqana
  6865 | D:9      | Found a bloodstained altar of Trog.
  7006 | D:9      | Found a staircase to the Lair.
  7187 | D:9      | Reached skill level 8 in Shields
  7367 | D:9      | Found a staircase to the Orcish Mines.
  7742 | D:10     | Reached skill level 1 in Evocations
  8356 | D:11     | Reached XP level 12. HP: 107/107 MP: 11/11
  8709 | D:11     | Found the +18 Lear's hauberk
  8788 | D:12     | Noticed Nergalle
  8798 | D:12     | Killed Nergalle
  8836 | D:12     | Noticed Rupert
  8844 | D:12     | Paralysed by Rupert for 4 turns
  8896 | D:12     | Reached ***** piety under Hepliaklqana
  9016 | D:12     | Noticed Psyche
  9020 | D:12     | Killed Psyche
  9156 | D:12     | Noticed a two-headed ogre
  9161 | D:12     | Killed a two-headed ogre
  9199 | D:12     | HP: 5/107 [Rupert/+2 vorpal battleaxe (2)]
  9238 | D:12     | Killed Rupert
  9880 | D:13     | Reached skill level 9 in Shields
 10037 | Orc:1    | Entered Level 1 of the Orcish Mines
 10126 | Orc:1    | You fall into a shaft and drop 1 floor!
 10126 | Orc:2    | Entered Level 2 of the Orcish Mines
 10147 | Orc:2    | Found a staircase to the Elven Halls.
 10158 | Orc:1    | Found Zitimo's Weapon Shop.
 10824 | Orc:2    | Noticed an orc warlord
 10968 | D:9      | Reached XP level 13. HP: 47/113 MP: 12/12
 11100 | Orc:2    | Reached skill level 10 in Unarmed Combat
 11103 | Orc:2    | Killed an orc warlord
 11768 | Lair:1   | Entered Level 1 of the Lair of Beasts
 11779 | D:9      | Reached skill level 1 in Invocations
 12143 | Lair:1   | Found a blossoming altar of Fedhas.
 12337 | Lair:1   | Reached skill level 10 in Shields
 13096 | Lair:2   | Reached ****** piety under Hepliaklqana
 13208 | Lair:2   | Found a staircase to the Shoals.
 13633 | Lair:3   | Reached XP level 14. HP: 126/126 MP: 15/15
 14149 | Lair:4   | Found a runed translucent door.
 14149 | Lair:4   | Found a viscous altar of Jiyva.
 14468 | Lair:4   | Reached skill level 10 in Fighting
 14621 | Lair:4   | Found a staircase to the Slime Pits.
 14940 | Lair:5   | Entered Level 5 of the Lair of Beasts
 15187 | Lair:5   | Reached skill level 10 in Dodging
 15264 | Lair:5   | Reached skill level 11 in Shields
 15702 | Lair:5   | Reached skill level 10 in Polearms
 16686 | Orc:2    | Found Ovviepsu's Book Emporium.
 16686 | Orc:2    | Found Ziotarchoani's Antique Armour Shop.
 16755 | Orc:2    | Found Soessujo's General Store.
 16755 | Orc:2    | Found Miskal's Assorted Antiques.
 17155 | D:13     | Found Umiyfofu's Weapon Emporium.
 17208 | D:13     | Reached XP level 15. HP: 137/137 MP: 16/16
 17504 | D:13     | Reached skill level 12 in Shields
 18075 | D:14     | Identified the +10 halberd of Fee Simple {drain, Contam
                  | +Blink Fly Will++}
 18095 | D:14     | Found a gate to the Vaults.
 18227 | D:14     | Found a runed translucent door.
 18227 | D:14     | Noticed Eweu's ghost (adept DjFE)
 18264 | D:14     | Found a portal to a secret trove of treasure.
 18342 | D:15     | Entered Level 15 of the Dungeon
 18425 | D:15     | Noticed Nessos
 18429 | D:15     | Killed Nessos
 18509 | D:15     | Noticed a fire giant
 18537 | D:15     | Killed a fire giant
 18715 | D:15     | Identified the +1 robe of Asmuva {rC- Str+7}
 18760 | D:15     | Found a staircase to the Depths.
 18837 | D:15     | Identified Roxanne's Precepts of Sculpting
 18837 | D:15     | Noticed Roxanne
 18938 | D:15     | Noticed Josephine
 19184 | Lair:3   | Found a hole to the Spider Nest.
 19392 | Spider:1 | Entered Level 1 of the Spider Nest
 19495 | Spider:1 | Noticed an emperor scorpion
 19510 | Spider:1 | Killed an emperor scorpion
 19713 | Spider:1 | Noticed an emperor scorpion
 19728 | Spider:1 | Killed an emperor scorpion
 19864 | Spider:1 | Reached skill level 5 in Invocations
 20652 | Spider:1 | Reached skill level 5 in Armour
 21361 | Spider:2 | Reached XP level 16. HP: 112/145 MP: 19/19
 22016 | Spider:2 | Reached skill level 13 in Shields
 23202 | Spider:4 | Entered Level 4 of the Spider Nest
 23929 | Spider:4 | Reached skill level 1 in Spellcasting
 24366 | Spider:4 | Noticed Aizul
 24383 | Spider:4 | Killed Aizul
 24579 | Spider:4 | Reached XP level 17. HP: 157/157 MP: 21/21
 24747 | Spider:4 | Noticed Arachne
 24756 | Spider:4 | Killed Arachne
 24924 | Spider:4 | Slain by a broodmother

Illustrated notes

Levels and vault maps discovered:
D:1:      elethiomel_arrival_quiet, layout_rooms
D:2:      minmay_evil_eye, layout_loops_cross, patterned_corridor
D:3:      layout_basic, serial_shops, shop
D:4:      layout_gridville, makhleb_blood_cavern_becter,
          mainiacjoe_overflow_big_doors, temple_fountains, minivault_19
D:5:      layout_loops_corners, uniq_menkaure, uniq_blork_the_orc
D:6:      layout_loops_ring, kennysheep_cross_room, uniq_sigmund
D:7:      layout_basic, enter_bailey_2, minmay_misc_feat_enclosed
D:8:      layout_loops_cross, mainiacjoe_overflow_brackets, serial_shops,
          nicolae_shop_stone, uniq_grum
D:9:      layout_irregular_city, mainiacjoe_overflow_concentric_impassable,
          hellmonk_lair_entry_icy, david_orc_4
D:10:     layout_cave_pools
D:11:     layout_grid_maze, minmay_misc_feat_chi
D:12:     layout_long_grid, uniq_psyche, uniq_rupert, uniq_nergalle
D:13:     layout_small_grid, serial_shops, shop, lightli_fourway_metalbox
D:14:     layout_gridville, lightli_vaults_fourway_checkpoint,
          hellmonk_ghost_happy_afterlife, nicolae_trove_entry_path_of_doom,
          minmay_strange_pillars, chequers_garden, st_stairs_8
D:15:     grunt_enter_depths_giant_problem, layout_irregular_city,
          kennysheep_flooded_box, uniq_agnes, uniq_nessos, uniq_roxanne,
          uniq_josephine
Temple:   bh_familiar_temple
Lair:1:   layout_concentric_octagons, gauntlet_entry_generic,
          hangedman_tree_tricks, serial_bayou_shore_b, grunt_megastairs_1
Lair:2:   layout_hall_layers, elwin_shoals_entry_rooms, lemuel_fruit_tree
Lair:3:   layout_chaotic_city, spider_nest_entry_funnel_web, grunt_megastairs_4
Lair:4:   layout_gridlike, slime_entry_2, chequers_serial_rivers_room_b,
          lemuel_fruit_fields
Lair:5:   minmay_lair_end_enchanted_forest, layout_cave_pods, grunt_megastairs_2
Spider:1: layout_spider_delve, nicolae_spider_some_kinda_spiderbox
Spider:2: layout_spider_delve, drop_trap
Spider:3: layout_spider_delve, nicolae_spider_cling_halls
Spider:4: hellmonk_spider_rune_endless_swarm, uniq_arachne, uniq_aizul
Orc:1:    layout_diamond_mine, serial_shops, shop
Orc:2:    grunt_orc_tribal_feast, layout_diamond_mine, mines4_lemuel

Skill      XL: |  1  2  3  4  5  6  7  8  9 10 11 12 13 14 15 16 17 |
---------------+----------------------------------------------------+-----
Shields        | 3 4 5 6 7 8 9 10 11 12 13 | 13.6
Dodging        | 3 4 5 6 7 8 9 10 | 10.0
Fighting       | 3 4 5 6 7 8 9 11 12 | 12.7
Unarmed Combat | 3 4 5 6 7 8 9 10 | 10.0
Polearms       | 1 2 3 4 5 6 7 9 10 11 12 | 12.2
Armour         | 1 2 3 5 6 |  6.8
Throwing       | 2 3 4 |  4.2
Evocations     | 1 3 |  3.0
Invocations    | 3 5 7 |  7.0
Spellcasting   | 2 |  2.2

Action                   |  1- 3 |  4- 6 |  7- 9 | 10-12 | 13-15 | 16-18 || total
-------------------------+-------+-------+-------+-------+-------+-------++-------
Melee: Unarmed           |    84 |    12 |       |       |       |       ||    96
       Trident           |       |    76 |   112 |   521 |  1085 |   542 ||  2336
Throw: Boomerang         |       |       |     6 |       |       |       ||     6
       Dart              |       |       |       |    17 |     3 |     4 ||    24
       Throwing net      |       |       |       |     2 |     3 |       ||     5
       Large rock        |       |       |       |       |     1 |     3 ||     4
       Javelin           |       |       |       |       |     1 |       ||     1
Invok: Ancestor Life: Ba |       |       |     1 |       |       |       ||     1
       Recall Ancestor   |       |       |       |     2 |     4 |     1 ||     7
Evoke: Wand              |       |       |       |       |     8 |     2 ||    10
       Tin of tremorston |       |       |       |       |     1 |       ||     1
       Phantom mirror    |       |       |       |       |     1 |       ||     1
  Use: Scroll            |       |     8 |     6 |    21 |    10 |     7 ||    52
       Potion            |       |       |     2 |     2 |     2 |     9 ||    15
 Stab: Sleeping          |     1 |     4 |     2 |       |       |       ||     7
       Distracted        |       |       |       |     9 |     9 |     5 ||    23
Armor: Robe              |    14 |    12 |     7 |    29 |    14 |       ||    76
       Acid dragon scale |       |       |       |    39 |   178 |   147 ||   364
Dodge: Dodged            |    22 |    27 |    33 |   230 |   495 |   308 ||  1115
Block: Kite shield       |    25 |    27 |    29 |   240 |   521 |   370 ||  1212

Table legend: (Time is in decaauts)
 A = Elapsed time spent in this place.
 B = Non-inter-level travel time spent in this place.
 C = Inter-level travel time spent in this place.
 D = Time resting spent in this place.
 E = Time spent auto-exploring this place.
 F = Levels seen in this place.
 G = Mean time per level.
                   A        B        C        D        E       F      G
               +--------+--------+--------+--------+--------+-----+--------+
         Total |  24951 |  22960 |   1991 |   2125 |  13932 |  28 |  891.1 |
       Dungeon |  12033 |  10977 |   1056 |    601 |   7468 |  15 |  802.2 |
        Temple |    192 |    173 |     19 |      0 |    159 |   1 |  192.0 |
          Lair |   4943 |   4584 |    359 |    176 |   3149 |   5 |  988.6 |
   Spider Nest |   5428 |   5039 |    389 |    969 |   2430 |   4 | 1357.0 |
  Orcish Mines |   1944 |   1777 |    167 |    378 |    611 |   2 |  972.0 |
        Bailey |    408 |    408 |      0 |      0 |    114 |   1 |  408.0 |
               +--------+--------+--------+--------+--------+-----+--------+

Top non-repeatable levels by time:
Spider:1: 1856 daAuts
  Lair:5: 1503 daAuts
    D:11: 1448 daAuts
     D:9: 1336 daAuts
Spider:3: 1298 daAuts
Spider:2: 1144 daAuts
Spider:4: 1128 daAuts
    D:12: 1084 daAuts
     D:5: 1032 daAuts
   Orc:2: 1000 daAuts
    D:13: 990 daAuts
   Orc:1: 943 daAuts
  Lair:4: 942 daAuts
  Lair:1: 870 daAuts
  Lair:3: 845 daAuts
